 Dungeon Crawl Stone Soup version 0.26-a0-1184-g95e395e029 (webtiles) character file.

Game seed: 3143838901415144898

12124 voltaire321 the Geomancer (level 11, 0/68 HPs)
             Began as a Gargoyle Earth Elementalist on Dec 27, 2020.
             Was a Priest of Elyvilon.
             Slain by a blink frog (14 damage)
             ... on level 1 of the Lair of Beasts on Dec 28, 2020.
             The game lasted 00:51:07 (13357 turns).

voltaire321 the Geomancer (GrEE)                   Turns: 13357, Time: 00:51:07

Health: 0/68       AC: 21    Str: 13    XL:     11   Next: 88%
Magic:  17/18      EV: 17    Int: 18    God:    Elyvilon [***...]
Gold:   578        SH:  0    Dex: 10    Spells: 14/20 levels left

rFire    . . .     SeeInvis .   B - +6 war axe (venom)
rCold    . . .     Faith    .   (no shield)
rNeg     + . .     Spirit   .   m - +2 leather armour {rPois}
rPois    ∞         Reflect  .   C - +1 hat
rElec    +         Harm     .   (no cloak)
rCorr    .         Rampage  .   A - +0 pair of gloves
Will     .....                  z - +0 pair of boots
Stlth    ++........             f - amulet of regeneration
HPRegen  0.61/turn              s - +4 ring of evasion
MPRegen  0.16/turn              L - +4 ring of protection

@: no status effects
A: negative energy resistance 1, electricity resistance, unbreathing,
petrification resistance, miasma immunity, AC +8
a: Renounce Religion, Lesser Healing, Heal Other, Purification, Divine
Protection


You were on level 1 of the Lair of Beasts.
You worshipped Elyvilon.
Elyvilon was most pleased with you.
You visited 3 branches of the dungeon, and saw 12 of its levels.

You collected 578 gold pieces.

Inventory:

Hand Weapons
 B - a +6 war axe of venom (weapon)
Missiles
 o - 6 curare-tipped darts
 v - 28 poisoned darts (quivered)
 D - 216 stones
Armour
 m - a +2 leather armour of poison resistance (worn)
 u - a +3 kite shield
 z - a +0 pair of boots (worn)
 A - a +0 pair of gloves (worn)
 C - a +1 hat (worn)
Jewellery
 f - an amulet of regeneration (around neck)
 h - an uncursed ring of ice
 s - a +4 ring of evasion (left hand)
 w - an uncursed ring of willpower
 I - an uncursed ring of magical power
 L - a +4 ring of protection (right hand)
Wands
 n - a wand of digging (13)
 F - a wand of flame (34)
 J - a wand of paralysis (2)
Scrolls
 d - a scroll of immolation {unknown}
 g - 5 scrolls of teleportation
 j - a scroll of fog
 k - 3 scrolls of identify
 p - 5 scrolls of remove curse
 q - a scroll of random uselessness {unknown}
 r - 2 scrolls of enchant armour
 y - a scroll of magic mapping {unknown}
 G - a scroll of amnesia {unknown}
 K - a scroll of acquirement {unknown}
Potions
 a - 5 potions of lignification
 b - 5 potions of curing {unknown}
 c - a potion of mutation {unknown}
 e - a potion of magic {unknown}
 i - 2 potions of invisibility {unknown}
 l - 5 potions of heal wounds
 t - a potion of resistance {unknown}
 x - a potion of haste
 H - a potion of degeneration {unknown}


   Skills:
 + Level 7.7 Fighting
 + Level 5.4 Axes
 + Level 7.0 Armour
 - Level 5.0 Dodging
 - Level 2.1 Stealth
 * Level 7.5 Shields
 - Level 5.0 Spellcasting
 - Level 5.0 Conjurations
 - Level 2.0 Transmutations
 + Level 9.5 Earth Magic
 + Level 6.0 Invocations


You had 14 spell levels left.
You knew the following spells:

 Your Spells              Type           Power        Failure   Level
a - Sandblast             Erth           76%          1%          1
b - Passwall              Tmut/Erth      20%          2%          2
c - Stone Arrow           Conj/Erth      60%          2%          3

Your spell library contained the following spells:

 Spells                   Type           Power        Failure   Level
 Lee's Rapid Deconstruct  Erth           19%          9%          5
 Petrify                  Tmut/Erth      25%          16%         4


Dungeon Overview and Level Annotations

Branches:
Dungeon (10/15)            Temple (1/1) D:7            Lair (1/6) D:10
    Orc: D:9-12

Altars:
Ashenzari
Cheibriados
Dithmenos
Elyvilon
Fedhas
Gozag
Hepliaklqana
Kikubaaqudgha
Makhleb
Nemelex Xobeh
Okawaru
Qazlal
Ru
Sif Muna
Trog
Uskayaw
Vehumet
Wu Jian
Yredelemnul
Zin
The Shining One

Shops:
D:9 *

Annotations:
D:9 Psyche


Innate Abilities, Weirdness & Mutations

You are resistant to torment.
Your stone body is resilient. (AC +8)
You are immune to poison.
You resist negative energy. (rN+)
You are resistant to electric shocks. (rElec)
You can survive without breathing.
You are immune to petrification.
You are immune to miasma.


Message History

You miss the blink frog.
The blink frog is almost dead.
You closely miss the yak. You slash the bullfrog!
The bullfrog is poisoned.
You barely miss the blink frog.
The blink frog blinks!
The bullfrog completely misses you. The yak gores you!
* * * LOW HITPOINT WARNING * * *
The blink frog closely misses you.
The bullfrog hits you but does no damage.
The yak gores you!
* * * LOW HITPOINT WARNING * * *
You are healed.
You feel a bit more experienced.
The blink frog blinks!
The blink frog hits you but does no damage.
The yak barely misses you. The yak gores you but does no damage.
Your Armour skill increases to level 7!
You slash the yak!
You kill the yak!
You slash the blink frog!
The blink frog is poisoned.
You barely miss the blink frog. You slash the yak!
The yak is poisoned.
The blink frog hits you!
You die...

..#....#.........
..###.............
..###.............
...P#...P.........
........##...#....
.....................
.....................
............######...
.......##F†@### ###
......##..FFY.###
.......#.†.....P#
...F...††..F....#
......Y†.†....###
.............##
............P#
####..##.P#P## ###
######


You could see 2 yaks, 3 blink frogs and a bullfrog (very poisoned).

Vanquished Creatures
  2 two-headed ogres (D:9)
  An unseen horror (D:10)
  An elephant (D:10)
  A cane toad (Lair:1)
  Prince Ribbit (D:5)
  6 blink frogs (Lair:1)
  A wyvern (D:10)
  21 yaks
  A basilisk (D:10)
  Grum (Lair:1)
  2 soldier ants (D:8)
  4 water moccasins (Lair:1)
  2 black bears
  An ice beast (D:9)
  2 sky beasts
  2 orc warriors
  2 phantoms
  A hornet zombie (D:9)
  An ogre (D:7)
  9 wolves (Lair:1)
  2 centaurs
  3 bullfrogs
  2 wyvern zombies
  2 big kobolds
  2 scorpions
  4 killer bees (D:9)
  8 wights
  3 howler monkeys (D:10)
  A quasit (D:8)
  2 hounds
  12 orc wizards
  2 centaur skeletons
  A gnoll shaman (D:10)
  4 orc priests
  3 bullfrog skeletons
  3 jellies
  An iguana (D:7)
  Natasha (thrice) (D:3)
  5 worker ants
  3 hell rats (D:7)
  2 hound zombies
  A hound skeleton (D:7)
  9 adders
  3 gnolls (D:10)
  4 river rats (D:7)
  A shadow imp (D:6)
  A white imp (D:6)
  2 ufetubi
  An ooze (D:6)
  2 adder zombies
  An adder skeleton (D:9)
  4 worms
  A dart slug (D:1)
  6 leopard geckos
  48 orcs
  7 bats
  7 giant cockroaches
  4 goblins
  5 hobgoblins
  12 jackals
  15 kobolds
  5 quokkas
  2 ball pythons
  A ball python skeleton (D:4)
  11 frilled lizards
  A jackal skeleton (D:5)
  A quokka skeleton (D:4)
  18 rats
303 creatures vanquished.

Vanquished Creatures (others)
  An orc wizard (D:4)
  5 fungi (Lair:1)
  3 plants
9 creatures vanquished.

Grand Total: 312 creatures vanquished

Notes
Turn   | Place    | Note
-------+----------+-------------------------------------------
     0 | D:1      | voltaire321 the Gargoyle Earth Elementalist began the quest
                  | for the Orb.
     0 | D:1      | Reached XP level 1. HP: 10/10 MP: 3/3
   425 | D:1      | Reached XP level 2. HP: 15/15 MP: 3/5
   449 | D:1      | Learned a level 2 spell: Passwall
   553 | D:1      | Reached skill level 1 in Transmutations
   558 | D:1      | Reached skill level 4 in Earth Magic
   926 | D:1      | Reached XP level 3. HP: 20/20 MP: 4/6
  1287 | D:1      | You fall into a shaft and drop 1 floor!
  1294 | D:2      | Reached skill level 1 in Fighting
  1375 | D:1      | Learned a level 3 spell: Stone Arrow
  2309 | D:2      | Reached XP level 4. HP: 25/25 MP: 7/7
  2397 | D:2      | Found a snail-covered altar of Cheibriados.
  2833 | D:3      | Reached skill level 1 in Conjurations
  3468 | D:3      | Reached XP level 5. HP: 29/29 MP: 8/8
  3666 | D:3      | Found a hide-covered altar of Uskayaw.
  3667 | D:3      | Found a hazy altar of Hepliaklqana.
  3677 | D:3      | Found a shimmering blue altar of Sif Muna.
  4154 | D:3      | Noticed Natasha
  4180 | D:3      | Killed Natasha
  4181 | D:3      | Reached XP level 6. HP: 22/35 MP: 1/10
  4228 | D:3      | Noticed Natasha
  4240 | D:3      | Killed Natasha
  4378 | D:3      | Noticed Natasha
  4380 | D:3      | Killed Natasha
  4921 | D:3      | Reached skill level 5 in Earth Magic
  5347 | D:4      | Reached skill level 1 in Shields
  5347 | D:4      | Reached XP level 7. HP: 36/40 MP: 9/11
  6594 | D:5      | Entered Level 5 of the Dungeon
  6602 | D:5      | Reached skill level 1 in Armour
  7074 | D:5      | Noticed Prince Ribbit
  7081 | D:5      | Killed Prince Ribbit
  7082 | D:5      | Reached XP level 8. HP: 48/48 MP: 3/13
  7214 | D:5      | Found a broken altar of Ashenzari.
  7467 | D:5      | Noticed a two-headed ogre
  7683 | D:6      | Found an ornate altar of the Wu Jian Council.
  7708 | D:6      | Reached skill level 6 in Earth Magic
  8850 | D:7      | Reached XP level 9. HP: 49/52 MP: 9/15
  9016 | D:7      | Found a staircase to the Ecumenical Temple.
  9022 | Temple   | Entered the Ecumenical Temple
  9103 | Temple   | Became a worshipper of Elyvilon the Healer
  9365 | D:7      | Found the +2 ratskin cloak {*Rats rPois rN+ Str-1 Int-1
                  | Dex+1}
  9476 | D:7      | Reached skill level 1 in Axes
  9692 | D:8      | Found a sparkling altar of Nemelex Xobeh.
  9734 | D:8      | Reached skill level 1 in Invocations
  9980 | D:8      | Reached * piety under Elyvilon
  9994 | D:8      | Reached skill level 5 in Fighting
 10119 | D:8      | Reached skill level 7 in Earth Magic
 10297 | D:9      | Noticed a two-headed ogre
 10312 | D:9      | Killed a two-headed ogre
 10313 | D:9      | Reached skill level 5 in Spellcasting
 10313 | D:9      | Reached skill level 5 in Conjurations
 10313 | D:9      | Reached XP level 10. HP: 37/59 MP: 16/17
 10395 | D:9      | Noticed a two-headed ogre
 10406 | D:9      | Killed a two-headed ogre
 10747 | D:9      | Reached skill level 5 in Shields
 10878 | D:9      | Found Kocybb's General Store.
 11044 | D:9      | Noticed Psyche
 11138 | D:9      | Reached skill level 5 in Armour
 11138 | D:9      | Reached skill level 5 in Dodging
 11138 | D:9      | Reached skill level 8 in Earth Magic
 11550 | D:10     | Entered Level 10 of the Dungeon
 11810 | D:10     | Killed an unseen horror
 11883 | D:10     | Reached ** piety under Elyvilon
 11892 | D:10     | Found a staircase to the Lair.
 11892 | D:10     | Noticed an elephant
 11908 | D:10     | Reached XP level 11. HP: 56/66 MP: 5/18
 12709 | Lair:1   | Entered Level 1 of the Lair of Beasts
 12722 | D:10     | Reached skill level 5 in Invocations
 12802 | Lair:1   | Reached skill level 9 in Earth Magic
 12980 | Lair:1   | Reached *** piety under Elyvilon
 13010 | Lair:1   | Noticed Grum
 13012 | Lair:1   | Reached skill level 5 in Axes
 13029 | Lair:1   | Killed Grum
 13357 | Lair:1   | Slain by a blink frog

Illustrated notes

Levels and vault maps discovered:
D:1:      eino_arrival_cavern_c, layout_basic, minmay_lizard_pond
D:2:      layout_loops_ring, old_standard_altar, kennysheep_decorative_pillar
D:3:      layout_basic, gammafunk_temple_overflow_forgotten, uniq_natasha
D:4:      cheibrodos_helix_gallery, layout_loops_ring, minmay_crossroads
D:5:      layout_loops_ring, cheibrodos_ashenzari_chains, tgw_xom,
          uniq_prince_ribbit1
D:6:      layout_loops_cross, old_standard_altar, chequers_arboretum,
          feat_on_display
D:7:      wander_guarded_unrand_ratskin, layout_cave_pods,
          minmay_temple_entry_hall, chequers_decorated_corner
D:8:      layout_rooms, nemelex_xobeh_ov_fountains_minmay,
          hangedman_pestilent_swarm
D:9:      layout_basic, serial_shops, shop_fountains, uniq_psyche
D:10:     layout_long_grid, david_lair_generic
Temple:   eino_temple_water
Lair:1:   layout_gridlike, beast_lair_carwin_1, serial_bayou_shore_b,
          infiniplex_staircase_pool_2, uniq_grum

Skill      XL: |  1  2  3  4  5  6  7  8  9 10 11 |
---------------+----------------------------------+-----
Transmutations | 1 2 |  2.0
Earth Magic    | 4 5 6 7 8 9 |  9.5
Fighting       | 1 2 3 4 5 6 7 |  7.7
Dodging        | 2 3 4 5 |  5.0
Conjurations   | 1 2 3 4 5 |  5.0
Spellcasting   | 3 4 5 |  5.0
Shields        | 1 2 3 4 5 7 |  7.5
Armour         | 1 3 4 5 7 |  7.0
Axes           | 2 4 5 |  5.4
Invocations    | 2 4 6 |  6.0
Stealth        | |  2.1

Action                   |  1- 3 |  4- 6 |  7- 9 | 10-12 || total
-------------------------+-------+-------+-------+-------++-------
Melee: Dagger            |   142 |   231 |    64 |       ||   437
       War axe           |       |       |   223 |   237 ||   460
Throw: Dart              |       |    16 |       |       ||    16
 Cast: Sandblast         |    27 |    39 |     6 |       ||    72
       Stone Arrow       |       |     4 |    76 |    60 ||   140
Invok: Lesser Healing    |       |       |       |     2 ||     2
  Use: Scroll            |       |     4 |     9 |     3 ||    16
       Potion            |       |       |       |     1 ||     1
 Stab: Sleeping          |     1 |     4 |     2 |       ||     7
       Invisible         |       |       |       |     1 ||     1
Armor: Robe              |    51 |   102 |     6 |       ||   159
       Leather armour    |       |       |   116 |   173 ||   289
Dodge: Dodged            |   103 |   170 |   295 |   342 ||   910

Table legend: (Time is in decaauts)
 A = Elapsed time spent in this place.
 B = Non-inter-level travel time spent in this place.
 C = Inter-level travel time spent in this place.
 D = Time resting spent in this place.
 E = Time spent auto-exploring this place.
 F = Levels seen in this place.
 G = Mean time per level.
                   A        B        C        D        E       F      G
               +--------+--------+--------+--------+--------+-----+--------+
         Total |  13548 |  13095 |    453 |   3992 |   5255 |  12 | 1129.0 |
       Dungeon |  12807 |  12434 |    373 |   3838 |   5133 |  10 | 1280.7 |
        Temple |    106 |     26 |     80 |      0 |      0 |   1 |  106.0 |
          Lair |    633 |    633 |      0 |    154 |    122 |   1 |  633.0 |
               +--------+--------+--------+--------+--------+-----+--------+

Top non-repeatable levels by time:
     D:2: 1967 daAuts
     D:3: 1679 daAuts
     D:1: 1518 daAuts
     D:4: 1443 daAuts
     D:9: 1296 daAuts
    D:10: 1213 daAuts
     D:7: 1148 daAuts
     D:5: 1058 daAuts
     D:6: 825 daAuts
     D:8: 656 daAuts
  Lair:1: 633 daAuts
  Temple: 106 daAuts
